 Dungeon Crawl Stone Soup version 0.29-a0-923-g6e406bff71 (webtiles) character file.

Game seed: 12308709831984817576

31 kae the Insei (level 3, -4/29 HPs)
             Began as a Demonspawn Monk on July 27, 2022.
             Slain by an orc
             ... wielding a +0 flail
              (6 damage)
             ... on level 2 of the Dungeon.
             The game lasted 00:00:45 (1449 turns).

kae the Insei (Demonspawn Monk)                     Turns: 1449, Time: 00:00:45

Health: -4/29      AC:  8    Str: 11    XL:     3   Next: 7%
Magic:  3/3        EV: 13    Int: 11    God:
Gold:   9          SH:  0    Dex: 17    Spells: 2/2 levels left

rFire   . . .      SeeInvis .     - Unarmed
rCold   . . .      Faith    .   (no shield)
rNeg    . . .      Spirit   .   a - +0 robe
rPois   .          Reflect  .   (no helmet)
rElec   .          Harm     .   (no cloak)
rCorr   .          Rampage  .   (no gloves)
Will    .....                   (no boots)
Stlth   ++........              (no amulet)
HPRegen 0.09/turn               L - ring of flight
MPRegen 0.08/turn               (no ring)

@: mighty, sanguine armoured, flying
A: sanguine armour 1
a: no special abilities


You were on level 2 of the Dungeon.
You visited 1 branch of the dungeon, and saw 2 of its levels.

You collected 9 gold pieces.


Innate Abilities, Weirdness & Mutations

When seriously injured, your blood forms armour. (AC +6)


   Skills:
 + Level 3.4 Fighting
 - Level 2.6 Dodging
 - Level 1.7 Stealth
 * Level 3.5 Unarmed Combat


You had 2 spell levels left.
You didn't know any spells.
Your spell library was empty.

Inventory:

Missiles
 c - 6 javelins
 e - 5 stones (quivered)
Armour
 a - a +0 robe (worn)
Magical Staves
 f - a staff of fire {!a}
   (You found it on level 1 of the Dungeon)
Jewellery
 L - a ring of flight (left hand)
   (You found it on level 1 of the Dungeon)
Potions
 b - a potion of ambrosia
 d - a potion of degeneration {unknown}
 g - a potion of heal wounds {unknown}
 i - a potion of might

Dungeon Overview and Level Annotations

Branches:
Dungeon (2/15) Zot: 10555

Altars:

#........ ..g....
#..#o#
..###.)#.#######
.......oo.......
#.###..#.######
#..#.# #####.#
#..##r###.....###.
#..##.o@..#####...
...#...#........#
...........###....
##....#....)###.##.
#...#####...^...#
$... ###...#.# ...
#><## ## ####


You could see an orc and a rat.


Message History

L - a ring of flight (left hand)
As you read the scroll labelled JOSSER JOMEDY, it crumbles to dust.
You feel strangely unstable.
It was a scroll of teleportation.
As you read the scroll labelled YMPI FUOSUS, it crumbles to dust.
The air around you briefly surges with heat, but it dissipates.
It was a scroll of immolation.
Unknown command.
As you read the scroll labelled ZUJORCHYFYA, it crumbles to dust.
It is a scroll of enchant weapon.
You aren't carrying any weapons that can be enchanted.
You start waiting.
Your surroundings suddenly seem different.
Done exploring.
Done exploring.
Done exploring.
(D) Dungeon
Where to? (? - help)
You reach down and open the gate.
There is an open gate here.
There is a stone staircase leading down here.
You fly downwards.
The goblin shouts!
Found 6 javelins.
Found a stone staircase leading down.
There is a stone staircase leading up here.
A goblin is nearby!
A goblin is nearby!
A hobgoblin comes into view.
You closely miss the goblin. The goblin hits you with a +0 club.
You hit the goblin. 😕 HP[-3]
You take 3 damage, and now have 21/24 hp.
You hit the goblin.
You kill the goblin!
No target in view!
A hobgoblin is nearby!
You see here a +0 club.
You see here 6 javelins.
The hobgoblin shouts!
The hobgoblin barely misses you. 😕 HP[+1]
A hobgoblin is nearby!
You hit the hobgoblin.
The hobgoblin hits you but does no damage.
You hit the hobgoblin but do no damage. The hobgoblin misses you.
A hobgoblin is nearby!
A hobgoblin is nearby!
You barely miss the hobgoblin.
The hobgoblin hits you but does no damage.
You barely miss the hobgoblin. The hobgoblin closely misses you.
You hit the hobgoblin.
You kill the hobgoblin!
You have reached level 3!
Your experience leads to an increase in your attributes!
Increase (S)trength, (I)ntelligence, or (D)exterity?
You feel agile. x2 😕 HP[+5] MP[+1]
You now have 29 max hp (+5).
You regained 5 hp, and now have 27/29 hp.
Your mp is fully restored (3).
c - 6 javelins An orc priest comes into view.
It is wielding a +0 whip. 😎 HP[+2]
Your hp is fully restored (29).
An orc comes into view. It is wielding a +0 flail.
An orc and a rat come into view.
There are monsters nearby!
An orc comes into view. It is wielding a +0 hand axe.
The orc priest shouts!
The orc shouts! x2; You hear a shout! x2
A goblin comes into view. It is wielding a +0 dagger.
The orc shouts!
You hear an angry hiss.
There are monsters nearby!
There are monsters nearby!
You hit the orc. The orc misses you.
An orc comes into view. It is wielding a +0 dagger.
The orc closely misses you.
You hit the orc.
You kill the orc!
The orc hits you with a +0 flail. The rat barely misses you. 😕 HP[-5]
You take 5 damage, and now have 24/29 hp.
Unknown command.
The orc attacks as you move away! The orc closely misses you.
The orc priest miscasts a cantrip.
The orc attacks as you move away! The orc hits you with a +0 flail!
* * * LOW HITPOINT WARNING * * *
Your blood congeals into armour. 😨 HP[-10]
You take 10 damage, and now have 14/29 hp.
MASSIVE DAMAGE!! (PAUSE)
The orc priest calls down the wrath of Beogh upon you.
Beogh smites you!
* * * LOW HITPOINT WARNING * * *
😱 HP[-12]
You take 12 damage, and now have 2/29 hp.
MASSIVE DAMAGE!! (PAUSE) It was a potion of might.
You feel very mighty all of a sudden. The orc hits you with a +0 flail.
You die...

Skill      XL: |  1 |
---------------+----+-----
Unarmed Combat | 3 |  3.5
Fighting       | |  3.4
Dodging        | |  2.6
Stealth        | |  1.7

Action                   || total
-------------------------++-------
Melee: Unarmed           ||    76
       Punch             ||     1
  Use: Scroll            ||     3
       Potion            ||     1
 Stab: Sleeping          ||     2
Armor: Robe              ||    17
Dodge: Dodged            ||    54

Levels and vault maps discovered:
D:1:      dpeg_arrival_windows_large_door, layout_basic,
          minmay_stone_trees_small, minmay_misc_feat_rows
D:2:      layout_rooms, guppyfry_early_lair_pool

Notes
Turn   | Place    | Note
-------+----------+-------------------------------------------
     0 | D:1      | kae the Demonspawn Monk began the quest for the Orb.
     0 | D:1      | Reached XP level 1. HP: 18/18 MP: 1/1
     0 | D:1      | magus.rc [v1.11.3]
   258 | D:1      | Reached skill level 3 in Unarmed Combat
   418 | D:1      | Gained mutation: When seriously injured, your blood forms
                  | armour. (AC +6) [demonic ancestry]
   418 | D:1      | Reached XP level 2. HP: 21/24 MP: 2/2
  1411 | D:2      | Reached XP level 3. HP: 27/29 MP: 3/3
  1447 | D:2      | HP: 2/29 [orc priest/divine providence (12)]
  1449 | D:2      | Slain by an orc

Vanquished Creatures
  A gnoll (D:1)
  An orc (D:2)
  3 bats (D:1)
  2 giant cockroaches (D:1)
  3 goblins
  4 hobgoblins
  A kobold (D:1)
  A quokka (D:1)
  A ball python (D:1)
  A rat (D:1)
18 creatures vanquished.

Table legend:
 A = Non-vault XP
 B = Vault XP
 C = Vault XP percentage of total XP
 D = Non-vault monster count
 E = Vault monster count
 F = Vault count percentage of total count
                 A         B        C        D         E       F
            +---------+---------+-------+---------+---------+-------
      Total |      45 |       0 |   0.0 |      18 |       0 |   0.0
            +---------+---------+-------+---------+---------+-------
        D:1 |      38 |       0 |   0.0 |      15 |       0 |   0.0
        D:2 |       7 |       0 |   0.0 |       3 |       0 |   0.0
            +---------+---------+-------+---------+---------+-------

Illustrated notes

Table legend:
 A = Kills in this place as a percentage of kills in entire the game.
 B = Kills by you in this place as a percentage of kills by you in the entire game.
 C = Kills by friends in this place as a percentage of kills by friends in the entire game.
 D = Other kills in this place as a percentage of other kills in the entire game.
 E = Experience gained in this place as a percentage of experience gained in the entire game.
 F = Experience gained in this place divided by the number of levels of this place that you have seen.
                   A       B       C       D       E      F
               +-------+-------+-------+-------+-------+----------------------
         Total | 100.0 | 100.0 |   N/A |   N/A | 100.0 |  22.5
       Dungeon | 100.0 | 100.0 |   N/A |   N/A | 100.0 |  22.5
               +-------+-------+-------+-------+-------+----------------------

Table legend: (Time is in decaauts)
 A = Elapsed time spent in this place.
 B = Non-inter-level travel time spent in this place.
 C = Inter-level travel time spent in this place.
 D = Time resting spent in this place.
 E = Time spent auto-exploring this place.
 F = Levels seen in this place.
 G = Mean time per level.
                   A        B        C        D        E       F      G
               +--------+--------+--------+--------+--------+-----+--------+
         Total |   1443 |   1430 |     13 |     91 |   1175 |   2 |  721.5 |
       Dungeon |   1443 |   1430 |     13 |     91 |   1175 |   2 |  721.5 |
               +--------+--------+--------+--------+--------+-----+--------+

Top non-repeatable levels by time:
     D:1: 1388 daAuts
     D:2: 55 daAuts
